| TOP OF THE 1ST |
|
Tidewater Tides batting - Pitching for Columbus Jets : RHP Sven Lamberts
|
|
Pitching: RHP Sven Lamberts
|
|
|
Batting: RHB Juan Garcia
|
0-0: Foul Ball, location: 2F 0-1: Ball 1-1: Foul Ball, location: 2F 1-2: Ball 2-2: Ball 3-2: SINGLE (Groundball, 4M, EV 98.8 MPH) (infield hit)
|
|
Batting: RHB German Rivera
|
0-0: Ball 1-0: Grounds into double play, 5-4-3 (Groundball, 56S, EV 81.3 MPH)
|
|
Batting: RHB Brad Komminsk
|
0-0: Ball 1-0: Called Strike 1-1: Ball 2-1: Ball 3-1: SOLO HOME RUN (Flyball, 7D, EV 109.4 MPH), Distance : 355 ft
|
|
Batting: RHB Thomas Walker
|
0-0: Called Strike 0-1: Swinging Strike 0-2: Ball 1-2: Strikes out swinging
|
| Top of the 1st over - 1 run, 2 hits, 0 errors, 0 left on base; Tidewater 1 - Columbus 0 |
| BOTTOM OF THE 1ST |
|
Columbus Jets batting - Pitching for Tidewater Tides : LHP Gustavo Santiago
|
|
Pitching: LHP Gustavo Santiago
|
|
|
Batting: LHB Craig Brooks
|
0-0: Swinging Strike 0-1: Swinging Strike 0-2: Ball 1-2: Ball 2-2: Fly out, F8 (Flyball, 89XD, EV 99.4 MPH)
|
|
Batting: RHB Greg Schultz
|
0-0: Ball 1-0: Foul Ball, location: 2F 1-1: Fly out, F8 (Flyball, 8LD, EV 106.9 MPH)
|
|
Batting: RHB Danny Tartabull
|
0-0: Ball 1-0: Ball 2-0: Fly out, F9 (Flyball, 89D, EV 100.0 MPH)
|
| Bottom of the 1st over - 0 runs, 0 hits, 0 errors, 0 left on base; Tidewater 1 - Columbus 0 |
| TOP OF THE 2ND |
|
Tidewater Tides batting - Pitching for Columbus Jets : RHP Sven Lamberts
|
|
Batting: RHB Mike Rex
|
0-0: Ball 1-0: Ball 2-0: Foul Ball, location: 2F 2-1: Swinging Strike 2-2: Ground out 5-3 (Groundball, 56, EV 86.9 MPH)
|
|
Batting: RHB Wayne Wilkerson
|
0-0: Called Strike 0-1: Called Strike 0-2: Ball 1-2: Ball 2-2: Ball 3-2: Strikes out swinging
|
|
Batting: LHB Mike Martin
|
0-0: Called Strike 0-1: Ball 1-1: Foul Ball, location: 2F 1-2: Reached on error, E5 (Groundball, 56S, EV 71.9 MPH)
|
|
Batting: LHB Thomas Anderson
|
0-0: Ball 1-0: Ground out 3-1 (Groundball, 34S, EV 79.4 MPH)
|
| Top of the 2nd over - 0 runs, 0 hits, 1 error, 1 left on base; Tidewater 1 - Columbus 0 |
| BOTTOM OF THE 2ND |
|
Columbus Jets batting - Pitching for Tidewater Tides : LHP Gustavo Santiago
|
|
Batting: LHB Larry Sheets
|
0-0: SOLO HOME RUN (Flyball, 9D, EV 106.9 MPH), Distance : 378 ft
|
|
Batting: RHB Jim Maler
|
0-0: Ball 1-0: Ball 2-0: Called Strike 2-1: Ball 3-1: Base on Balls
|
|
Batting: RHB Michael Ventress
|
0-0: Swinging Strike 0-1: Ball Wild Pitch! Jim Maler to second 1-1: Called Strike 1-2: Strikes out swinging
|
|
Batting: RHB Glenn Goya
|
0-0: Ball 1-0: Swinging Strike 1-1: Ball 2-1: SINGLE (Line Drive, 8RS, EV 108.1 MPH) Jim Maler to third Runner from 3rd tries for Home, SAFE, throw by CF to home Glenn Goya to second
|
|
Batting: RHB Ray Smith
|
0-0: Fly out, F8 (Flyball, 8LM, EV 93.1 MPH)
|
|
Batting: RHB Jackie Gutierrez
|
0-0: Called Strike 0-1: Ball 1-1: Foul Ball, location: 2F 1-2: Ball 2-2: Foul Ball, location: 2F 2-2: Ball 3-2: Foul Ball, location: 2F 3-2: Foul Ball, location: 2F 3-2: Foul Ball, location: 2F 3-2: Ground out U3 (Groundball, 34, EV 106.3 MPH)
|
| Bottom of the 2nd over - 2 runs, 2 hits, 0 errors, 1 left on base; Tidewater 1 - Columbus 2 |
| TOP OF THE 3RD |
|
Tidewater Tides batting - Pitching for Columbus Jets : RHP Sven Lamberts
|
|
Batting: SHB Julio Valdez
|
0-0: Ball 1-0: Ball 2-0: Called Strike 2-1: Ball 3-1: Base on Balls
|
|
Batting: RHB Juan Garcia
|
0-0: Ball 1-0: Called Strike 1-1: Fielders Choice at 2nd, 5-4 (Groundball, 56, EV 90.0 MPH)
|
|
Batting: RHB German Rivera
|
0-0: Called Strike 0-1: Called Strike 0-2: Ball 1-2: Ball 2-2: Foul Ball, location: 2F 2-2: SINGLE (Flyball, 8RS, EV 100.6 MPH) Juan Garcia to second
|
|
Batting: RHB Brad Komminsk
|
0-0: Foul Ball, location: 2F 0-1: Ball 1-1: Ball 2-1: Fly out, F7 (Flyball, 78M, EV 94.4 MPH)
|
|
Batting: RHB Thomas Walker
|
0-0: Called Strike 0-1: Called Strike 0-2: Strikes out swinging
|
| Top of the 3rd over - 0 runs, 1 hit, 0 errors, 2 left on base; Tidewater 1 - Columbus 2 |
| BOTTOM OF THE 3RD |
|
Columbus Jets batting - Pitching for Tidewater Tides : LHP Gustavo Santiago
|
|
Batting: LHB Craig Brooks
|
0-0: SINGLE (Line Drive, 9LS, EV 87.5 MPH)
|
|
Batting: RHB Greg Schultz
|
0-0: Foul Ball, location: 2F 0-1: Swinging Strike 0-2: Strikes out looking
|
|
Batting: RHB Danny Tartabull
|
0-0: Ball 1-0: Ball 2-0: Called Strike 2-1: Fly out, F7 (Flyball, 7S, EV 87.5 MPH)
|
|
Batting: LHB Larry Sheets
|
0-0: Ball 1-0: Foul Ball, location: 2F 1-1: Ball 2-1: Foul Ball, location: 2F 2-2: Foul Ball, location: 2F 2-2: Foul Ball, location: 2F 2-2: Foul Ball, location: 2F 2-2: Foul Ball, location: 2F 2-2: Foul Ball, location: 2F 2-2: SINGLE (Flyball, 6D, EV 85.0 MPH) Craig Brooks to second
|
|
Batting: RHB Jim Maler
|
0-0: Fly out, F7 (Flyball, 7S, EV 93.1 MPH)
|
| Bottom of the 3rd over - 0 runs, 2 hits, 0 errors, 2 left on base; Tidewater 1 - Columbus 2 |
| TOP OF THE 4TH |
|
Tidewater Tides batting - Pitching for Columbus Jets : RHP Sven Lamberts
|
|
Batting: RHB Mike Rex
|
0-0: Ball 1-0: Called Strike 1-1: Called Strike 1-2: Ground out 3-1 (Groundball, 34, EV 80.0 MPH)
|
|
Batting: RHB Wayne Wilkerson
|
0-0: Ball 1-0: Fly out, F8 (Flyball, 8LXD, EV 88.1 MPH)
|
|
Batting: LHB Mike Martin
|
0-0: Ball 1-0: Ball 2-0: Ground out 3-1 (Groundball, 34, EV 103.1 MPH)
|
| Top of the 4th over - 0 runs, 0 hits, 0 errors, 0 left on base; Tidewater 1 - Columbus 2 |
| BOTTOM OF THE 4TH |
|
Columbus Jets batting - Pitching for Tidewater Tides : LHP Gustavo Santiago
|
|
Batting: RHB Michael Ventress
|
0-0: Called Strike 0-1: Called Strike 0-2: Ball 1-2: Foul Ball, location: 2F 1-2: Strikes out swinging
|
|
Batting: RHB Glenn Goya
|
0-0: Called Strike 0-1: Ball 1-1: Ball 2-1: DOUBLE (Flyball, 89D, EV 97.5 MPH)
|
|
Batting: RHB Ray Smith
|
0-0: Ball 1-0: Fly out, F7 (Flyball, 7LM, EV 100.0 MPH) Runner from 2nd tags up, SAFE at 3rd with throw by LF
|
|
Batting: RHB Jackie Gutierrez
|
0-0: SINGLE (Groundball, 6MD, EV 106.9 MPH) Glenn Goya scores
|
|
Batting: LHB Craig Brooks
|
0-0: Ball 1-0: Called Strike 1-1: Swinging Strike 1-2: Fielders Choice at 2nd, 6-4 (Groundball, 6, EV 88.8 MPH)
|
| Bottom of the 4th over - 1 run, 2 hits, 0 errors, 1 left on base; Tidewater 1 - Columbus 3 |
| TOP OF THE 5TH |
|
Tidewater Tides batting - Pitching for Columbus Jets : RHP Sven Lamberts
|
|
Batting: LHB Thomas Anderson
|
0-0: Called Strike 0-1: Fly out, F9 (Flyball, 9S, EV 91.3 MPH)
|
|
Batting: SHB Julio Valdez
|
0-0: Called Strike 0-1: Swinging Strike 0-2: Ball 1-2: Ball 2-2: Foul Ball, location: 2F 2-2: Ball 3-2: Strikes out looking
|
|
Batting: RHB Juan Garcia
|
0-0: Called Strike 0-1: Ball 1-1: Foul Ball, location: 2F 1-2: Ball 2-2: DOUBLE (Flyball, 89D, EV 99.4 MPH) - OUT at third base trying to stretch hit.
|
| Top of the 5th over - 0 runs, 1 hit, 0 errors, 0 left on base; Tidewater 1 - Columbus 3 |
| BOTTOM OF THE 5TH |
|
Columbus Jets batting - Pitching for Tidewater Tides : LHP Gustavo Santiago
|
|
Batting: RHB Greg Schultz
|
0-0: Foul Ball, location: 2F 0-1: Ball 1-1: Foul Ball, location: 2F 1-2: SOLO HOME RUN (Flyball, 7D, EV 87.5 MPH), Distance : 367 ft
|
|
Batting: RHB Danny Tartabull
|
0-0: Fly out, F4 (Popup, 34D, EV 58.1 MPH)
|
|
Batting: LHB Larry Sheets
|
0-0: Fly out, F7 (Line Drive, 7, EV 93.8 MPH)
|
|
Batting: RHB Jim Maler
|
0-0: Ground out 6-3 (Groundball, 6M, EV 85.0 MPH)
|
| Bottom of the 5th over - 1 run, 1 hit, 0 errors, 0 left on base; Tidewater 1 - Columbus 4 |
| TOP OF THE 6TH |
|
Tidewater Tides batting - Pitching for Columbus Jets : RHP Sven Lamberts
|
|
Batting: RHB German Rivera
|
0-0: Ball 1-0: Called Strike 1-1: Ball 2-1: Ball 3-1: Foul Ball, location: 2F 3-2: Fly out, F7 (Flyball, 78XD, EV 89.4 MPH)
|
|
Batting: RHB Brad Komminsk
|
0-0: Ground out 5-3 (Groundball, 56, EV 100.0 MPH)
|
|
Batting: RHB Thomas Walker
|
0-0: Ground out 6-3 (Groundball, 56, EV 91.3 MPH)
|
| Top of the 6th over - 0 runs, 0 hits, 0 errors, 0 left on base; Tidewater 1 - Columbus 4 |
| BOTTOM OF THE 6TH |
|
Columbus Jets batting - Pitching for Tidewater Tides : LHP Gustavo Santiago
|
|
Batting: RHB Michael Ventress
|
0-0: Ground out 6-3 (Groundball, 6, EV 98.1 MPH)
|
|
Batting: RHB Glenn Goya
|
0-0: Called Strike 0-1: Fly out, F9 (Line Drive, 9, EV 96.9 MPH)
|
|
Batting: RHB Ray Smith
|
0-0: Ball 1-0: Ground out U3 (Groundball, 34, EV 100.0 MPH)
|
| Bottom of the 6th over - 0 runs, 0 hits, 0 errors, 0 left on base; Tidewater 1 - Columbus 4 |
| TOP OF THE 7TH |
|
Tidewater Tides batting - Pitching for Columbus Jets : RHP Sven Lamberts
|
|
Batting: RHB Mike Rex
|
0-0: Foul Ball, location: 2F 0-1: Ball 1-1: Ball 2-1: Foul Ball, location: 2F 2-2: Ground out 4-3 (Groundball, 4, EV 100.6 MPH)
|
|
Batting: RHB Wayne Wilkerson
|
0-0: Called Strike 0-1: Ball 1-1: Ball 2-1: Ball 3-1: DOUBLE (Groundball, 5L, EV 105.6 MPH)
|
|
Batting: LHB Mike Martin
|
0-0: Foul Ball, location: 2F 0-1: Ball 1-1: Swinging Strike 1-2: Foul Ball, location: 2F 1-2: Strikes out swinging
|
|
Batting: LHB Thomas Anderson
|
0-0: Foul Ball, location: 2F 0-1: Ball 1-1: Swinging Strike 1-2: Strikes out swinging
|
| Top of the 7th over - 0 runs, 1 hit, 0 errors, 1 left on base; Tidewater 1 - Columbus 4 |
| BOTTOM OF THE 7TH |
|
Columbus Jets batting - Pitching for Tidewater Tides : LHP Gustavo Santiago
|
|
Batting: RHB Jackie Gutierrez
|
0-0: Ball 1-0: Swinging Strike 1-1: Ground out 5-3 (Groundball, 5, EV 83.8 MPH)
|
|
Batting: LHB Craig Brooks
|
0-0: SINGLE (Groundball, 6S, EV 65.6 MPH) (infield hit)
|
|
Batting: RHB Greg Schultz
|
0-0: Fielders Choice at 2nd, 1-4 (Groundball, 15S, EV 71.9 MPH)
|
|
Batting: RHB Danny Tartabull
|
0-0: Ball 1-0: Foul Ball, location: 2F 1-1: Ball 2-1: Ball 3-1: Called Strike 3-2: Ground out 6-3 (Groundball, 6, EV 89.4 MPH)
|
| Bottom of the 7th over - 0 runs, 1 hit, 0 errors, 1 left on base; Tidewater 1 - Columbus 4 |
| TOP OF THE 8TH |
|
Tidewater Tides batting - Pitching for Columbus Jets : RHP Sven Lamberts
|
|
Now at 2B: Enrique Collado
|
|
|
Now at 3B: Paul Gbur
|
|
|
Batting: SHB Julio Valdez
|
0-0: Swinging Strike 0-1: Ball 1-1: Swinging Strike 1-2: Ball 2-2: Foul Ball, location: 2F 2-2: Strikes out swinging
|
|
Batting: RHB Juan Garcia
|
0-0: Ball 1-0: Called Strike 1-1: Ball 2-1: Fly out, F8 (Flyball, 8RD, EV 80.0 MPH)
|
|
Batting: RHB German Rivera
|
0-0: Fly out, F7 (Flyball, 7LM, EV 81.9 MPH)
|
| Top of the 8th over - 0 runs, 0 hits, 0 errors, 0 left on base; Tidewater 1 - Columbus 4 |
| BOTTOM OF THE 8TH |
|
Columbus Jets batting - Pitching for Tidewater Tides : LHP Gustavo Santiago
|
|
Batting: RHB Enrique Collado
|
0-0: Ground out 5-3 (Groundball, 56, EV 109.4 MPH)
|
|
Batting: RHB Jim Maler
|
0-0: DOUBLE (Line Drive, 78D, EV 104.4 MPH)
|
|
Batting: RHB Michael Ventress
|
0-0: Intentional Walk
|
|
Batting: RHB Glenn Goya
|
0-0: Called Strike 0-1: SINGLE (Groundball, 6D, EV 102.5 MPH) Jim Maler to third Michael Ventress to second Runner from 3rd tries for Home, SAFE, throw by CF to home
|
|
Pitching: RHP Richard Dierker
|
|
|
Batting: RHB Ray Smith
|
0-0: Called Strike 0-1: Ball 1-1: Foul Ball, location: 2F 1-2: Foul Ball, location: 2F 1-2: Fielders Choice at 3rd, U5 (Groundball, 5L, EV 86.3 MPH) Glenn Goya to second
|
|
Batting: RHB Jackie Gutierrez
|
0-0: Reached on error, E7 (Flyball, 7LM, EV 98.1 MPH) Glenn Goya scores Ray Smith to third
|
|
Batting: LHB Craig Brooks
|
0-0: Called Strike 0-1: Ball 1-1: Ball 2-1: Swinging Strike 2-2: Foul Ball, location: 2F 2-2: TRIPLE (Flyball, 78XD, EV 103.1 MPH) Ray Smith scores Jackie Gutierrez scores
|
|
Pinch Hitting: RHB Vance McHenry
|
0-0: Called Strike 0-1: Ball 1-1: Ball 2-1: SINGLE (Groundball, 4MD, EV 106.9 MPH) Craig Brooks scores
|
|
Pinch Hitting: RHB Jorge Martinez
|
0-0: Called Strike 0-1: Foul Ball, location: 2F 0-2: Ball 1-2: Strikes out swinging
|
| Bottom of the 8th over - 5 runs, 4 hits, 1 error, 1 left on base; Tidewater 1 - Columbus 9 |
| TOP OF THE 9TH |
|
Tidewater Tides batting - Pitching for Columbus Jets : RHP Sven Lamberts
|
|
Now at 3B: Dave Bialas
|
|
|
Now in LF: Jorge Martinez
|
|
|
Batting: RHB Brad Komminsk
|
0-0: Called Strike 0-1: Called Strike 0-2: Ball 1-2: Ball 2-2: Ball 3-2: Strikes out looking
|
|
Batting: RHB George Gomez
|
0-0: Called Strike 0-1: Swinging Strike 0-2: Foul Ball, location: 2F 0-2: Ball 1-2: SINGLE (Flyball, 8RS, EV 88.1 MPH)
|
|
Batting: RHB Mike Rex
|
0-0: Ball 1-0: Called Strike 1-1: Ball 2-1: Ball 3-1: Called Strike 3-2: Foul Ball, location: 2F 3-2: DOUBLE (Line Drive, 78D, EV 107.5 MPH) George Gomez to third
|
|
Pitching: RHP Owen Foley
|
|
|
Batting: RHB Wayne Wilkerson
|
0-0: Fly out, F7 (Flyball, 7S, EV 74.4 MPH)
|
|
Batting: LHB Mike Martin
|
0-0: Ball 1-0: Ground out 6-3 (Groundball, P, EV 85.0 MPH)
|
| Top of the 9th over - 0 runs, 2 hits, 0 errors, 2 left on base; Tidewater 1 - Columbus 9 |
|